 Dungeon Crawl Stone Soup version 0.15.1-4-gac8487e (console) character file.

504 Frenchkiss the Insei (level 7, 0/37 HPs)
             Began as a Vine Stalker Monk on Oct 15, 2014.
             Slain by Prince Ribbit (8 damage)
             ... on Level 4 of the Dungeon.
             The game lasted 00:06:26 (3064 turns).

Frenchkiss the Insei (Vine Stalker Monk)            Turns: 3064, Time: 00:06:27

HP   0/37        AC  7     Str 16      XL: 7   Next: 17%
MP   0/9         EV 16     Int 10      God:
Gold 172         SH  0     Dex 16      Spells:  0 memorised,  6 levels left

rFire  + . .     SeeInvis .       - Unarmed
rCold  . . .     Clarity  .     k - +3 leather armour {rF+}
rNeg   . . .     rCorr    .     (no shield)
rPois  .         rRot     +     y - +0 helmet
rElec  .         Spirit   +     (no cloak)
SustAb .         Warding  .     (no gloves)
rMut   .         Stasis   +     (no boots)
Gourm  .                        d - amulet of stasis
MR     .....                    (no ring)
                                v - +3 ring of evasion

@: not resistant to hostile enchantments, unstealthy
A: fangs 2, regeneration 2, magic shield, antimagic bite, no device heal 3, rot
immunity
a: no special abilities


You were on level 4 of the Dungeon.
You were not hungry.

You visited 1 branch of the dungeon, and saw 4 of its levels.

You collected 172 gold pieces.

Inventory:

Armour
 k - a +3 leather armour of fire resistance (worn)
 y - a +0 helmet (worn)
Magical devices
 f - a wand of fireball (5) {unknown}
 n - a wand of cold (6) {unknown}
Comestibles
 b - 3 bread rations
 g - a slice of pizza
 j - a royal jelly
 l - a rotting chunk of orc flesh
 r - 3 fruits
 w - a rotting chunk of giant cockroach flesh
 x - a rotting chunk of rat flesh
 z - 4 rotting chunks of orc flesh
 A - a rotting chunk of orc flesh
 B - 2 rotting chunks of jackal flesh
 C - a rotting chunk of jackal flesh
 D - 3 rotting chunks of worker ant flesh
 E - a beef jerky
Scrolls
 a - 2 scrolls of teleportation {unknown}
 c - a scroll of enchant armour {unknown}
 e - a scroll of magic mapping {unknown}
 h - 4 scrolls of identify {unknown}
 i - a scroll of amnesia {unknown}
 m - a scroll of random uselessness {unknown}
 o - a scroll of fog {unknown}
 p - a scroll of fear {unknown}
 s - a scroll of recharging {unknown}
Jewellery
 d - an amulet of stasis (around neck)
 v - a +3 ring of evasion (left hand)
Potions
 q - a potion of restore abilities
 t - a potion of might {unknown}
 u - a potion of magic {unknown}


   Skills:
 + Level 3.8 Fighting
 + Level 1.7 Armour
 + Level 3.9 Dodging
 + Level 3.4 Stealth
 * Level 6.1 Unarmed Combat


You had 6 spell levels left.
You didn't know any spells.

Dungeon Overview and Level Annotations

Branches:
Dungeon (4/15)
 Temple: D:4-7

Altars:
Dithmenos
Xom
The Shining One

Annotations:
D:4 Prince Ribbit


Innate Abilities, Weirdness & Mutations

You have extremely sharp teeth.
You heal very quickly.
When hurt, damage is shared between your health and your magic reserves.
Your bite disrupts and absorbs the magic of your enemies.
Potions and wands cannot restore your health.
You are immune to rotting.


Message History

Prince Ribbit is moderately wounded.
Prince Ribbit hits you!
You hit Prince Ribbit but do no damage.
Your punch passes through Prince Ribbit as he momentarily phases out.
Your bite passes through Prince Ribbit as he momentarily phases out.
Prince Ribbit is moderately wounded.
Prince Ribbit hits you but does no damage.
Prince Ribbit closely misses you.
You hit Prince Ribbit.
Prince Ribbit is moderately wounded.
Prince Ribbit hits you!
* * * LOW HITPOINT WARNING * * *
Prince Ribbit momentarily phases out as your attack passes through him.
Prince Ribbit is moderately wounded.
Prince Ribbit completely misses you.
Prince Ribbit momentarily phases out as your attack passes through him.
Your bite passes through Prince Ribbit as he momentarily phases out.
Prince Ribbit is moderately wounded.
Prince Ribbit hits you!
You die...

##..............##
##...######......#
...### ###....#
.### ###....# ..#
###......# ###
.........# #
..........#
.##.....%#
##.....# #.....#
##...@# #...F#
#....# #....#
#.....# #......#
#........
##........
#.........
#...$..## ......##


You could see Prince Ribbit.

Vanquished Creatures
  An ogre (D:3)
  2 iguanas (D:4)
  A hound (D:4)
  A worker ant (D:4)
  3 orc wizards (D:4)
  Ijyb (D:2)
  Jessica (D:2)
  Terence (D:3)
  6 gnolls
  4 adders
  2 worms (D:3)
  5 giant geckos
  An ooze (D:2)
  4 orcs (D:4)
  10 bats
  4 giant cockroaches
  7 goblins
  9 hobgoblins
  3 jackals (D:4)
  3 ball pythons
  3 giant newts
  4 kobolds (D:1)
  9 rats
85 creatures vanquished.

Notes
Turn   | Place    | Note
--------------------------------------------------------------
     0 | D:1      | Frenchkiss, the Vine Stalker Monk, began the quest for the Orb.
     0 | D:1      | Reached XP level 1. HP: 11/11 MP: 1/1
   204 | D:1      | Reached XP level 2. HP: 16/16 MP: 3/3
   725 | D:1      | Reached XP level 3. HP: 16/19 MP: 4/4
   886 | D:2      | Noticed Ijyb
   912 | D:2      | Killed Ijyb
   966 | D:2      | Reached XP level 4. HP: 24/24 MP: 5/5
  1133 | D:2      | Noticed Jessica
  1145 | D:2      | Killed Jessica
  1434 | D:2      | Reached skill level 1 in Armour
  1434 | D:2      | Reached XP level 5. HP: 25/28 MP: 5/7
  1666 | D:2      | Reached skill level 5 in Unarmed Combat
  1784 | D:3      | Found a shadowy altar of Dithmenos.
  1939 | D:3      | Found a glowing golden altar of the Shining One.
  1996 | D:3      | Noticed Terence
  2012 | D:3      | Killed Terence
  2397 | D:3      | Found a shimmering altar of Xom.
  2461 | D:4      | Noticed an ogre
  2471 | D:3      | Killed an ogre
  2471 | D:3      | Gained mutation: You heal very quickly. [vine stalker growth]
  2471 | D:3      | Reached XP level 6. HP: 32/32 MP: 8/8
  2745 | D:4      | Reached skill level 6 in Unarmed Combat
  2757 | D:4      | Reached XP level 7. HP: 21/36 MP: 9/9
  3037 | D:4      | Noticed Prince Ribbit
  3064 | D:4      | Slain by Prince Ribbit

Action                   |  1- 3 |  4- 6 |  7- 9 || total
-------------------------+-------+-------+-------++-------
Melee: Unarmed           |   110 |   174 |    30 ||   314
  Use: Potion            |       |     8 |       ||     8
 Stab: Sleeping          |     3 |     3 |       ||     6
  Eat: Chunk             |       |       |     1 ||     1
